BSA
POCATELLO BOCCABELLAS @ SPRINGFIELD STARS
03/08/2027
 
TOP OF THE 1ST
Pocatello Boccabellas batting - Pitching for Springfield Stars : RHP Kyu-pyeong Pak
Pitching: RHP Kyu-pyeong Pak
Batting: RHB Tomás Carranza 0-0: Ground out 4-3 (Groundball, 4M)
Batting: LHB Jim Jensen 0-0: Swinging Strike
0-1: Ball
1-1: Ball
2-1: Foul Ball, location: 2F
2-2: Ball
3-2: Ground out 2-3 (Groundball, 2R)
Batting: RHB Marlon Phipps 0-0: Foul Ball, location: 2F
0-1: SINGLE (Flyball, 9LS)
Batting: LHB Juan Cortés 0-0: SINGLE (Groundball, 34D)
Marlon Phipps to second
Runner from 2nd tries for 3rd, SAFE, throw made to third
Juan Cortés to second
Batting: RHB Francisco Sandoval 0-0: Ball
1-0: Called Strike
1-1: Ball
2-1: Ball
3-1: Swinging Strike
3-2: Base on Balls
Batting: LHB Vicente Bueno 0-0: Fielders Choice at 2nd, 4-6 (Groundball, 4)
Top of the 1st over - 0 run(s), 2 hit(s), 0 error(s), 2 left on base; Pocatello 0 - Springfield 0
BOTTOM OF THE 1ST
Springfield Stars batting - Pitching for Pocatello Boccabellas : RHP Samuel Émond
Pitching: RHP Samuel Émond
Batting: RHB Calvin Bennett 0-0: Ball
1-0: Foul Ball, location: 2F
1-1: Ball
2-1: Ground out 5-3 (Groundball, 56)
Batting: RHB Juan Rodríguez 0-0: Ball
1-0: Swinging Strike
1-1: Foul Ball, location: 2F
1-2: Ground out U3 (Groundball, 34S)
Batting: LHB Derek Davidson 0-0: Ball
1-0: Foul Ball, location: 2F
1-1: Ball
2-1: Ground out U3 (Groundball, 34)
Bottom of the 1st over - 0 run(s), 0 hit(s), 0 error(s), 0 left on base; Pocatello 0 - Springfield 0
TOP OF THE 2ND
Pocatello Boccabellas batting - Pitching for Springfield Stars : RHP Kyu-pyeong Pak
Batting: RHB Pedro Guzmán 0-0: Called Strike
0-1: SINGLE (Groundball, 6MD)
Batting: RHB José Delgado 0-0: Foul Ball, location: 2F
0-1: Called Strike
0-2: Foul Ball, location: 2F
0-2: Ball
1-2: 2-RUN HOME RUN (Flyball, 78XD), Distance : 425 ft
Batting: SHB Nick Cox 0-0: Ball
1-0: Fly out, F9 (Flyball, 9S)
Batting: RHB Tomás Carranza 0-0: Swinging Strike
0-1: Foul Ball, location: 2F
0-2: Strikes out looking
Batting: LHB Jim Jensen 0-0: Ball
1-0: Ball
2-0: Ball
3-0: Called Strike
3-1: Ground out 4-3 (Groundball, 4MS)
Top of the 2nd over - 2 run(s), 2 hit(s), 0 error(s), 0 left on base; Pocatello 2 - Springfield 0
BOTTOM OF THE 2ND
Springfield Stars batting - Pitching for Pocatello Boccabellas : RHP Samuel Émond
Batting: LHB Elliott Newell 0-0: Swinging Strike
0-1: Foul Ball, location: 2F
0-2: Ground out 5-3 (Groundball, 5D)
Batting: SHB Shane Hutchinson 0-0: Called Strike
0-1: Ball
1-1: Swinging Strike
1-2: Strikes out swinging
Batting: RHB Juan Carlos Rodríguez 0-0: Called Strike
0-1: SINGLE (Groundball, 34D)
Batting: LHB Jesús Tobías 0-0: Ball
1-0: Called Strike
1-1: Ball
2-1: Fly out, F7 (Line Drive, 78M)
Bottom of the 2nd over - 0 run(s), 1 hit(s), 0 error(s), 1 left on base; Pocatello 2 - Springfield 0
TOP OF THE 3RD
Pocatello Boccabellas batting - Pitching for Springfield Stars : RHP Kyu-pyeong Pak
Batting: RHB Marlon Phipps 0-0: Called Strike
0-1: Ground out 6-3 (Groundball, 6)
Batting: LHB Juan Cortés 0-0: Called Strike
0-1: Ball
1-1: Ground out 6-3 (Groundball, 6M)
Batting: RHB Francisco Sandoval 0-0: Ground out 5-3 (Groundball, 5)
Top of the 3rd over - 0 run(s), 0 hit(s), 0 error(s), 0 left on base; Pocatello 2 - Springfield 0
BOTTOM OF THE 3RD
Springfield Stars batting - Pitching for Pocatello Boccabellas : RHP Samuel Émond
Batting: RHB Dave Henderson 0-0: Called Strike
0-1: Fly out, F7 (Line Drive, 7)
Batting: RHB Félix Gonzáles 0-0: Ball
1-0: Foul Ball, location: 2F
1-1: Ball
2-1: Ground out 6-3 (Groundball, 6)
Batting: RHB Calvin Bennett 0-0: Ground out 4-3 (Groundball, 4M)
Bottom of the 3rd over - 0 run(s), 0 hit(s), 0 error(s), 0 left on base; Pocatello 2 - Springfield 0
TOP OF THE 4TH
Pocatello Boccabellas batting - Pitching for Springfield Stars : RHP Kyu-pyeong Pak
Batting: LHB Vicente Bueno 0-0: Fly out, F8 (Flyball, 89S)
Batting: RHB Pedro Guzmán 0-0: Ball
1-0: Foul Ball, location: 2F
1-1: SINGLE (Line Drive, 34)
Batting: RHB José Delgado 0-0: Called Strike
0-1: Ball
1-1: Ball
2-1: Foul Ball, location: 2F
2-2: Fielders Choice at 2nd, 5-4 (Groundball, 56)
Batting: SHB Nick Cox 0-0: Called Strike
0-1: Ball
1-1: Foul Ball, location: 2F
1-2: Fly out, F7 (Flyball, 78S)
Top of the 4th over - 0 run(s), 1 hit(s), 0 error(s), 1 left on base; Pocatello 2 - Springfield 0
BOTTOM OF THE 4TH
Springfield Stars batting - Pitching for Pocatello Boccabellas : RHP Samuel Émond
Batting: RHB Juan Rodríguez 0-0: Called Strike
0-1: SINGLE (Flyball, 7S)
Batting: LHB Derek Davidson 0-0: Ball
1-0: Ball
2-0: Called Strike
2-1: Ball
3-1: Fly out, F4 (Popup, 34D)
Batting: LHB Elliott Newell 0-0: Ball
1-0: Called Strike
Juan Rodríguez steals 2nd base
1-1: Swinging Strike
1-2: Fly out, F9 (Line Drive, 9D)
Runner from 2nd tags up, SAFE at 3rd, no throw
Batting: SHB Shane Hutchinson 0-0: Ball
1-0: Ball
2-0: Ball
3-0: Base on Balls
Batting: RHB Juan Carlos Rodríguez 0-0: Called Strike
0-1: Ball
1-1: Ball
2-1: Fielders Choice at 2nd, 5-4 (Groundball, 56)
Bottom of the 4th over - 0 run(s), 1 hit(s), 0 error(s), 1 left on base; Pocatello 2 - Springfield 0
TOP OF THE 5TH
Pocatello Boccabellas batting - Pitching for Springfield Stars : RHP Kyu-pyeong Pak
Pitching: RHP George Lockhart
Batting: RHB Tomás Carranza 0-0: Foul Ball, location: 2F
0-1: Ball
1-1: Swinging Strike
1-2: Strikes out swinging
Batting: LHB Jim Jensen 0-0: Ball
1-0: Fly out, F9 (Line Drive, 9D)
Batting: RHB Marlon Phipps 0-0: Called Strike
0-1: Foul Ball, location: 2F
0-2: Ball
1-2: Ball
2-2: Strikes out looking
Top of the 5th over - 0 run(s), 0 hit(s), 0 error(s), 0 left on base; Pocatello 2 - Springfield 0
BOTTOM OF THE 5TH
Springfield Stars batting - Pitching for Pocatello Boccabellas : RHP Samuel Émond
Pitching: RHP Juan Álvarez
Batting: LHB Jesús Tobías 0-0: Ball
1-0: Ball
2-0: Ball
3-0: Called Strike
3-1: Ground out 4-3 (Groundball, 4)
Batting: RHB Dave Henderson 0-0: Ball
1-0: Ball
2-0: Foul Ball, location: 2F
2-1: SINGLE (Line Drive, 4MD)
Batting: RHB Félix Gonzáles 0-0: Ball
1-0: Ball
2-0: Grounds into double play, 6-4-3 (Groundball, 6)
Bottom of the 5th over - 0 run(s), 1 hit(s), 0 error(s), 0 left on base; Pocatello 2 - Springfield 0
TOP OF THE 6TH
Pocatello Boccabellas batting - Pitching for Springfield Stars : RHP George Lockhart
Batting: LHB Juan Cortés 0-0: Foul Ball, location: 2F
0-1: Ball
1-1: SINGLE (Groundball, 6D)
Batting: RHB Francisco Sandoval 0-0: Ball
1-0: Ball
Wild Pitch!
Juan Cortés to second
2-0: Fly out, F8 (Flyball, 8LS)
Batting: LHB Vicente Bueno 0-0: Intentional Walk
Batting: RHB Pedro Guzmán 0-0: Ball
Juan Cortés steals 3rd base
Vicente Bueno to second
1-0: Fly out, F9 (Flyball, 9LSF)
Runner from 3rd tags up, SCORES, no throw
Batting: RHB José Delgado 0-0: Ball
1-0: Ground out 3-1 (Groundball, 34S)
Top of the 6th over - 1 run(s), 1 hit(s), 0 error(s), 1 left on base; Pocatello 3 - Springfield 0
BOTTOM OF THE 6TH
Springfield Stars batting - Pitching for Pocatello Boccabellas : RHP Juan Álvarez
Batting: RHB Calvin Bennett 0-0: Ball
1-0: Swinging Strike
1-1: Foul Ball, location: 2F
1-2: Ball
2-2: Ball
3-2: Ground out 1-3 (Groundball, 15)
Batting: RHB Juan Rodríguez 0-0: Called Strike
0-1: Swinging Strike
0-2: Fly out, F9 (Flyball, 9LMF)
Batting: LHB Derek Davidson 0-0: Ground out 4-3 (Groundball, 4)
Bottom of the 6th over - 0 run(s), 0 hit(s), 0 error(s), 0 left on base; Pocatello 3 - Springfield 0
TOP OF THE 7TH
Pocatello Boccabellas batting - Pitching for Springfield Stars : RHP George Lockhart
Pitching: RHP Alberto Vásquez
Batting: SHB Nick Cox 0-0: Ball
1-0: Ball
2-0: Fly out, F8 (Flyball, 78M)
Pinch Hitting: LHB José Berroa 0-0: Ball
1-0: Called Strike
1-1: Ball
2-1: Foul Ball, location: 2F
2-2: SINGLE (Line Drive, 7S)
Pinch Hitting: RHB Jeremy Carr 0-0: Foul Ball, location: 2F
0-1: Fielders Choice at 2nd, 1-6 (Groundball, P)
Batting: SHB Glenn Vadnais 0-0: Swinging Strike
0-1: Ground out U3 (Groundball, 34)
Top of the 7th over - 0 run(s), 1 hit(s), 0 error(s), 1 left on base; Pocatello 3 - Springfield 0
BOTTOM OF THE 7TH
Springfield Stars batting - Pitching for Pocatello Boccabellas : RHP Juan Álvarez
Now at SS: Tony Hernández
Now in LF: José Berroa
Batting: LHB Elliott Newell 0-0: Ball
1-0: Ball
2-0: Ground out 6-3 (Groundball, 6)
Batting: SHB Shane Hutchinson 0-0: Swinging Strike
0-1: Foul Ball, location: 2F
0-2: Foul Ball, location: 2F
0-2: DOUBLE (Line Drive, 8RXD)
Batting: RHB Juan Carlos Rodríguez 0-0: Foul Ball, location: 2F
0-1: Called Strike
0-2: Ball
1-2: Ball
2-2: Strikes out swinging
Pitching: LHP Mark Murchison
Batting: LHB Jesús Tobías 0-0: Called Strike
0-1: Ball
1-1: SINGLE (Groundball, 56D)
Shane Hutchinson to third
Runner from 3rd tries for Home, SAFE, no throw
Batting: RHB Dave Henderson 0-0: Ground out 5-3 (Groundball, 56S)
Bottom of the 7th over - 1 run(s), 2 hit(s), 0 error(s), 1 left on base; Pocatello 3 - Springfield 1
TOP OF THE 8TH
Pocatello Boccabellas batting - Pitching for Springfield Stars : LHP Shan Liu
Pitching: LHP Shan Liu
Pinch Hitting: RHB Enrico Rodríguez 0-0: Called Strike
0-1: Ground out 5-3 (Groundball, 56S)
Pinch Hitting: RHB Chris Parker 0-0: Ball
1-0: Swinging Strike
1-1: Swinging Strike
1-2: Strikes out swinging
Pinch Hitting: RHB Sergio Solíz 0-0: Swinging Strike
0-1: Ball
1-1: Foul Ball, location: 2F
1-2: Strikes out looking
Top of the 8th over - 0 run(s), 0 hit(s), 0 error(s), 0 left on base; Pocatello 3 - Springfield 1
BOTTOM OF THE 8TH
Springfield Stars batting - Pitching for Pocatello Boccabellas : LHP Mark Murchison
Now at 3B: Enrico Rodríguez
Now at SS: Chris Parker
Now in CF: Sergio Solíz
Batting: RHB Félix Gonzáles 0-0: Ball
1-0: Foul Ball, location: 2F
1-1: Ball
2-1: Ball
3-1: Reached on error, E6 (Groundball, 6)
Pinch Hitting: RHB Alberto Campos 0-0: Called Strike
0-1: Ball
1-1: Ball
2-1: Ball
3-1: Foul Ball, location: 2F
3-2: Fielders Choice at 2nd, 3-6 (Groundball, 3)
Pinch Hitting: RHB Cho-yun Qiao 0-0: Called Strike
0-1: Ball
1-1: Ball
2-1: Fly out, F8 (Flyball, 78D)
Batting: LHB Derek Davidson 0-0: Swinging Strike
0-1: Ball
1-1: Called Strike
1-2: Ball
2-2: Foul Ball, location: 2F
2-2: Strikes out looking
Bottom of the 8th over - 0 run(s), 0 hit(s), 1 error(s), 1 left on base; Pocatello 3 - Springfield 1
TOP OF THE 9TH
Pocatello Boccabellas batting - Pitching for Springfield Stars : LHP Shan Liu
Now in LF: Cho-yun Qiao
Now in CF: Martín Medina
Pinch Hitting: RHB Jackson Gibson 0-0: SINGLE (Groundball, 56D)
Pinch Hitting: SHB Guillermo Ortíz 0-0: Grounds into double play, 4-6-3 (Groundball, 4)
Pinch Hitting: RHB Luis González 0-0: Swinging Strike
0-1: Ground out 6-3 (Groundball, 6)
Top of the 9th over - 0 run(s), 1 hit(s), 0 error(s), 0 left on base; Pocatello 3 - Springfield 1
BOTTOM OF THE 9TH
Springfield Stars batting - Pitching for Pocatello Boccabellas : LHP Mark Murchison
Pitching: RHP Adrián Martínez
Now at C: Guillermo Ortíz
Now at 1B: Héctor Rentería
Now in RF: Jackson Gibson
Pinch Hitting: LHB Ryan Drake 0-0: Ground out 4-3 (Groundball, 4)
Batting: SHB Shane Hutchinson 0-0: Called Strike
0-1: Ball
1-1: Called Strike
1-2: Ball
2-2: Ball
3-2: Base on Balls
Pinch Hitting: LHB Yoshiaki Ohayashi 0-0: Ball
1-0: Called Strike
1-1: Fly out, F7 (Line Drive, 7)
Pinch Hitting: RHB Don Thomas 0-0: Foul Ball, location: 2F
0-1: Ball
1-1: Ball
2-1: Ball
3-1: Fly out, F8 (Flyball, 8LM)
Bottom of the 9th over - 0 run(s), 0 hit(s), 0 error(s), 1 left on base; Pocatello 3 - Springfield 1
Thursday, March 30th, 2017 - OOTP Baseball 17.12 Build 75